 Dungeon Crawl Stone Soup version 0.21.1-1-g345015fe64 (webtiles) character file.

203 ThorGoll the Skirmisher (level 5, 0/47 HPs)
             Began as a Hill Orc Wanderer on Feb 6, 2018.
             Was an Initiate of Cheibriados.
             Slain by Duvessa
             ... wielding a +0 short sword
              (2 damage)
             ... on level 4 of the Dungeon.
             The game lasted 00:07:30 (3509 turns).

ThorGoll the Skirmisher (Hill Orc Wanderer)         Turns: 3509, Time: 00:07:31

Health: 0/47       AC:  6    Str: 16    XL:     5   Next: 81%
Magic:  5/5        EV: 10    Int: 13    God:    Cheibriados [......]
Gold:   143        SH:  4    Dex: 12    Spells: 4/4 levels left

rFire    . . .     SeeInvis .   b - +0 hand axe
rCold    . . .     Gourm    .   c - +0 buckler
rNeg     . . .     Faith    .   k - +0 ring mail
rPois    .         Spirit   .   (no helmet)
rElec    .         Reflect  .   (no cloak)
rCorr    .         Harm     .   (no gloves)
MR       .....                  o - +0 pair of boots
Stlth    +.........             g - amulet of inaccuracy (curse)
HPRegen  0.15/turn              (no ring)
MPRegen  0.09/turn              (no ring)

@: very slow
A: no striking features
a: Bend Time, Renounce Religion


You were on level 4 of the Dungeon.
You worshipped Cheibriados.
Cheibriados was noncommittal.
You were not hungry.

You visited 2 branches of the dungeon, and saw 5 of its levels.

You collected 143 gold pieces.

Inventory:

Hand Weapons
 b - a +0 hand axe (weapon)
Armour
 c - a +0 buckler (worn)
 d - a +0 robe
 k - a +0 ring mail (worn)
 o - a +0 pair of boots (worn)
Jewellery
 g - a cursed amulet of inaccuracy (around neck)
Scrolls
 a - 2 scrolls of enchant armour {unknown}
 i - 2 scrolls of identify {unknown}
 j - 2 scrolls of magic mapping {unknown}
 q - a scroll of teleportation {unknown}
Potions
 e - a potion of berserk rage {unknown}
 h - a potion of brilliance {unknown}
 l - a potion of curing {unknown}
 m - 2 potions of heal wounds {unknown}
 n - 2 potions of resistance {unknown}
 p - a potion of might {unknown}
 r - a potion of lignification {unknown}
Comestibles
 f - 8 rations


   Skills:
 + Level 4.9 Fighting
   Level 1.1 Long Blades
 + Level 3.4(3.9) Axes
   Level 2.1(2.9) Maces & Flails
 + Level 2.4 Armour
 - Level 2.4 Stealth
 + Level 3.1 Shields


You had 4 spell levels left.
You didn't know any spells.

Dungeon Overview and Level Annotations

Branches:
Dungeon (4/15)             Temple (1/1) D:4

Altars:
Ashenzari
Cheibriados
Fedhas
Gozag
Makhleb
Trog
Yredelemnul
Zin

Annotations:
D:4 Dowan, Duvessa


Message History

Duvessa is severely wounded.
Duvessa barely misses you.
Dowan says, "Stay away from my face!"
Dowan mumbles some strange words.
Dowan blinks!
Duvessa hits you with a short sword.
* * * LOW HITPOINT WARNING * * *
You completely miss Duvessa.
Duvessa is severely wounded.
Duvessa completely misses you.
You closely miss Duvessa.
Duvessa is severely wounded.
Duvessa hits you with a short sword.
* * * LOW HITPOINT WARNING * * *
Duvessa closely misses you.
You hit Duvessa.
Duvessa is severely wounded.
Duvessa hits you with a short sword.
* * * LOW HITPOINT WARNING * * *
Duvessa hits you with a short sword.
You die...

### ### ##.##
<.# ..#.## #.#
..##.## #.#
..###.#
#####.######
..##.##
#..........#
..#.##
..##.###.####.#
##.##
.....ee@.# #.#
#...##
..##.##### #.#
.#.#.####.###
#.#
.#...........
#.#
.###.####.###
###.### #...##
##+## #.....#
.....###...##
#.###.#
.8.8.##.....##
##.# #.#
⌠.⌠..#.......##
##..###.#


You could see Duvessa and Dowan.

Vanquished Creatures
  A hound (D:2)
  A centaur skeleton (D:4)
  An iguana (D:4)
  Ijyb (D:3)
  3 adders
  A worm (D:3)
  A dart slug (D:3)
  4 leopard geckos
  An orc (D:3)
  A ball python (D:2)
  7 bats
  4 giant cockroaches
  6 hobgoblins
  5 jackals (D:2)
  5 frilled lizards
  8 goblins
  3 kobolds
  5 rats
58 creatures vanquished.

Notes
Turn   | Place    | Note
-------+----------+-------------------------------------------
     0 | D:1      | ThorGoll the Hill Orc Wanderer began the quest for the Orb.
     0 | D:1      | ThorGoll set off with: a +2 falchion, a +0 hand axe, a +0 buckler, a +0 robe, a +0 dagger, a ration
     0 | D:1      | Reached XP level 1. HP: 19/19 MP: 1/1
   360 | D:1      | Reached skill level 1 in Axes
   781 | D:2      | Reached XP level 2. HP: 16/27 MP: 2/2
  1316 | D:2      | Reached skill level 4 in Fighting
  1540 | D:2      | Reached XP level 3. HP: 31/33 MP: 3/3
  1863 | D:2      | Found a burning altar of Makhleb.
  1874 | D:2      | Reached skill level 1 in Armour
  1874 | D:2      | Reached XP level 4. HP: 21/40 MP: 4/4
  2814 | D:3      | Noticed Ijyb
  2876 | D:3      | Killed Ijyb
  2876 | D:3      | Reached XP level 5. HP: 25/47 MP: 5/5
  3155 | D:4      | Found a staircase to the Ecumenical Temple.
  3191 | Temple   | Entered the Ecumenical Temple
  3213 | Temple   | Became a worshipper of Cheibriados the Contemplative
  3485 | D:4      | Noticed Duvessa
  3485 | D:4      | Noticed Dowan
  3508 | D:4      | HP: 2/47 [Duvessa/short sword (6)]
  3509 | D:4      | Slain by Duvessa

Skill      XL: |  1  2  3  4  5 |
---------------+----------------+-----
Axes           | 1 2 3 |  3.4
Fighting       | 4 |  4.9
Shields        | 2 3 |  3.1
Armour         | 1 2 |  2.4
Long Blades    | |  1.1
Maces & Flails | |  2.1
Stealth        | |  2.4

Action                   |  1- 3 |  4- 6 || total
-------------------------+-------+-------++-------
Melee: Hand axe          |   154 |   282 ||   436
 Stab: Sleeping          |     3 |       ||     3
  Eat: Chunk             |     3 |     6 ||     9
Armor: Robe              |    14 |       ||    14
       Ring mail         |    29 |   124 ||   153
Dodge: Dodged            |    81 |   138 ||   219
Block: Buckler           |    33 |    60 ||    93
